 Dungeon Crawl Stone Soup version 0.20.1-1-g8b1a95d (webtiles) character file.

1630 Irenicus the Cleaver (level 8, -12/68 HPs)
             Began as a Deep Dwarf Berserker on Nov 11, 2017.
             Was a Priest of Trog.
             Mangled by an orc warrior
             ... wielding a +0 war axe
              (20 damage)
             ... on level 6 of the Dungeon.
             The game lasted 00:18:17 (2663 turns).

Irenicus the Cleaver (Deep Dwarf Berserker)         Turns: 2663, Time: 00:18:18

Health: -12/68     AC:  8    Str: 16    XL:     8   Next: 65%
Magic:  6/6        EV: 16    Int:  8    God:    Trog [***...]
Gold:   254        SH:  0    Dex: 19    Spells: 7/7 levels left

rFire    . . .     SeeInvis .   a - +0 hand axe
rCold    . . .     Gourm    .   (no shield)
rNeg     . . .     Faith    .   p - +0 leather armour of Action {rElec rCorr Str-5 Dex+5}
rPois    .         Spirit   .   t - +1 helmet (curse)
rElec    +         Reflect  .   k - +0 cloak
rCorr    +         Harm     .   s - +0 pair of gloves
MR       +....                  w - +0 pair of boots
Stlth    +.........             (no amulet)
Regen    0.0/turn               l - +3 ring of evasion
MPRegen  0.1/turn               (no ring)

@: berserk cooldown, non-regenerating, slowed, very slow
A: damage resistance, heal wounds, blurry vision 1, low mp 1, sense surroundings
1, wild magic 1, sturdy frame 1, no regeneration
a: Heal Wounds, Berserk, Trog's Hand, Burn Spellbooks, Renounce Religion


You were on level 6 of the Dungeon.
You worshipped Trog.
Trog was most pleased with you.
You were not hungry.

You visited 1 branch of the dungeon, and saw 6 of its levels.

You collected 254 gold pieces.

Inventory:

Hand Weapons
 a - a +0 hand axe (weapon)
Armour
 b - a +0 animal skin
 d - a +0 ring mail
 k - a +0 cloak (worn)
 p - the +0 leather armour of Action (worn) {rElec rCorr Str-5 Dex+5}
   (You found it on level 6 of the Dungeon)

   It affects your strength (-5).
   It affects your dexterity (+5).
   It insulates you from electricity.
   It protects you from acid and corrosion.
 s - a +0 pair of gloves (worn)
 t - a cursed +1 helmet (worn)
 w - a +0 pair of boots (worn)
Jewellery
 l - a +3 ring of evasion (left hand)
Wands
 g - a wand of digging (17/24)
Scrolls
 e - 2 scrolls of amnesia
 f - a scroll of magic mapping
 i - 6 scrolls of identify
 j - a scroll of enchant armour
 m - a scroll of teleportation
 n - 2 scrolls of fog {unknown}
 q - a scroll of enchant weapon {unknown}
 r - 2 scrolls of immolation {unknown}
Potions
 h - a potion of resistance
 o - a potion of brilliance
Comestibles
 c - 5 bread rations
 u - 2 meat rations


   Skills:
 - Level 2.6 Fighting
 + Level 12.1 Axes
 - Level 2.1 Armour
 - Level 2.1 Dodging


You had 7 spell levels left.
You didn't know any spells.

Dungeon Overview and Level Annotations

Branches:
Dungeon (6/15)
 Temple: D:4-7

Altars:
Gozag
Uskayaw
Yredelemnul

Shops:
D:5 [[[

Annotations:
D:6 Eustachio


Innate Abilities, Weirdness & Mutations

You are resistant to damage.
You can heal yourself by infusing magical energy.
You passively map a small area around you.
You do not regenerate.
Scrolls take you a little longer to read.
Your magical capacity is low. (-10% MP)
Your spells are a little harder to cast, but a little more powerful.
Your movements are slightly less encumbered by armour. (ER -2)


Message History

Evoke which item? (* to show all) (? for menu, Esc to quit)
Okay, then.
You hit the orc warrior.
The orc warrior is almost dead.
You hit the river rat.
You kill the river rat!
The river rat's corpse disappears in a puff of smoke!
The orc warrior hits you with a war axe.
* * * LOW HITPOINT WARNING * * *
You closely miss the orc warrior.
The orc warrior is almost dead.
You hit the quokka. The quokka bites you.
* * * LOW HITPOINT WARNING * * *
The orc warrior closely misses you.
You hit the orc warrior but do no damage.
The orc warrior is almost dead.
You closely miss the quokka. The quokka closely misses you.
The crimson imp blinks!
The orc warrior hits you with a war axe!!
You die...

*
#.#################
#..........5r@oo..#
#.###############.#
, * ** , *,* * * *
, * * ,** * , * , ,
,


You could see an orc warrior, a crimson imp, an orc and a quokka.

Vanquished Creatures
  An orc warrior (D:4)
  An ice beast (D:6)
  2 sky beasts
  A necrophage (D:5)
  2 ogres (D:4)
  A bullfrog (D:5)
  A water moccasin skeleton (D:5)
  6 killer bees (D:5)
  A howler monkey (D:6)
  2 crimson imps (D:5)
  3 hounds
  2 orc wizards (D:3)
  A centaur skeleton (D:4)
  3 orc priests
  Crazy Yiuf (D:6)
  2 iguanas (D:6)
  2 worker ants
  A hound zombie (D:5)
  3 adders
  A shadow imp (D:5)
  A worm (D:2)
  An adder skeleton (D:3)
  2 dart slugs
  5 leopard geckos
  9 orcs
  A ball python (D:2)
  3 giant cockroaches
  13 goblins
  4 hobgoblins
  4 jackals (D:5)
  5 kobolds
  A quokka (D:4)
  9 bats
  2 frilled lizards
  7 rats
104 creatures vanquished.

Notes
Turn   | Place    | Note
-------+----------+-------------------------------------------
     0 | D:1      | Irenicus the Deep Dwarf Berserker began the quest for the Orb.
     0 | D:1      | Reached XP level 1. HP: 20/20 MP: 1/1
   250 | D:1      | Reached XP level 2. HP: 27/27 MP: 2/2
   263 | D:1      | Reached skill level 4 in Axes
   418 | D:2      | Found a hide-covered altar of Uskayaw.
   418 | D:2      | Noticed a dagger
   418 | D:2      | Noticed a dagger
   574 | D:2      | Found a basalt altar of Yredelemnul.
   595 | D:2      | You fall through a shaft for 2 floors!
   656 | D:3      | Reached ** piety under Trog
   701 | D:3      | Reached XP level 3. HP: 28/33 MP: 3/3
   775 | D:3      | Reached skill level 5 in Axes
   780 | D:3      | Reached XP level 4. HP: 40/40 MP: 4/4
   856 | D:3      | Reached skill level 6 in Axes
   856 | D:3      | Reached XP level 5. HP: 21/46 MP: 5/5
   964 | D:2      | Reached *** piety under Trog
  1170 | D:2      | Reached skill level 7 in Axes
  1366 | D:4      | Reached XP level 6. HP: 18/55 MP: 6/6
  1429 | D:5      | Entered Level 5 of the Dungeon
  1429 | D:5      | Found Ruahen's Armour Shop.
  1462 | D:5      | Reached skill level 8 in Axes
  1472 | D:5      | Reached XP level 7. HP: 34/61 MP: 7/7
  1653 | D:4      | Reached skill level 9 in Axes
  1708 | D:4      | HP: 2/61 [orc warrior/trident of piercing (2)]
  1711 | D:4      | Gained mutation: Your magical capacity is low. (-10% MP) [potion of mutation]
  1711 | D:4      | Gained mutation: Your spells are a little harder to cast, but a little more powerful. [potion of mutation]
  1711 | D:4      | Gained mutation: Your movements are slightly less encumbered by armour. (ER -2) [potion of mutation]
  1804 | D:4      | Reached skill level 10 in Axes
  1900 | D:5      | Found Qoemorgh's Antique Armour Shoppe.
  2093 | D:5      | Reached XP level 8. HP: 42/68 MP: 7/7
  2129 | D:5      | Reached skill level 11 in Axes
  2170 | D:5      | Found Nekoboos's Armour Emporium.
  2381 | D:6      | Got a bloodstained leather armour
  2392 | D:6      | Identified the +0 leather armour of Action {rElec rCorr Str-5 Dex+5} (You found it on level 6 of the Dungeon)
  2401 | D:6      | Found an opulent altar of Gozag.
  2446 | D:6      | Found a runed door.
  2451 | D:6      | Noticed Crazy Yiuf
  2455 | D:6      | Killed Crazy Yiuf
  2528 | D:6      | Reached skill level 12 in Axes
  2531 | D:6      | Gained mutation: Scrolls take you a little longer to read. [mutagenic meat]
  2619 | D:6      | Noticed Eustachio
  2663 | D:6      | Mangled by an orc warrior

Skill      XL: |  1  2  3  4  5  6  7  8 |
---------------+-------------------------+-----
Axes           | 4 5 6 7 8 10 12 | 12.1
Fighting       | |  2.6
Armour         | |  2.1
Dodging        | |  2.1

Action                   |  1- 3 |  4- 6 |  7- 9 || total
-------------------------+-------+-------+-------++-------
Melee: Hand axe          |   109 |   126 |   249 ||   484
Invok: Berserk           |     1 |     3 |     8 ||    12
       Trog's Hand       |       |     1 |     6 ||     7
       Burn Spellbooks   |       |       |     1 ||     1
 Abil: Heal Wounds       |       |       |     9 ||     9
  Use: Potion            |       |       |     6 ||     6
       Scroll            |       |       |     5 ||     5
  Eat: Chunk             |       |     2 |     7 ||     9
       Royal jelly       |       |     1 |       ||     1
       Meat ration       |       |       |     2 ||     2
Armor: Ring mail         |    45 |    34 |    52 ||   131
       Leather armour    |       |       |     5 ||     5
Dodge: Dodged            |    99 |    87 |   204 ||   390
